 Dungeon Crawl Stone Soup version 0.29-a0-40-g8eb35efe60 (webtiles) character file.

Game seed: 1940488434088562248

11769 HallandMoats the Grappler (level 11, -12/102 HPs)
             Began as a Ghoul Monk on Feb 1, 2022.
             Was a High Priest of Jiyva.
             Mangled by a reaper (37 damage)
             ... in an ice cave.
             The game lasted 00:15:30 (10754 turns).

HallandMoats the Grappler (Ghoul Monk)             Turns: 10754, Time: 00:15:30

Health: -12/102    AC: 17    Str: 16    XL:     11   Next: 82%
Magic:  14/15      EV:  9    Int:  5    God:    Jiyva [*****.]
Gold:   340        SH:  0    Dex: 15    Spells: 10/10 levels left

rFire   . . .      SeeInvis .     - Unarmed
rCold   + . .      Faith    .   (no shield)
rNeg    + + +      Spirit   .   h - +1 chain mail
rPois   ∞          Reflect  .   x - +2 hat
rElec   .          Harm     .   o - scarf {shadows}
rCorr   +          Rampage  .   (no gloves)
Will    .....                   (no boots)
Stlth   ..........              (no amulet)
HPRegen 1.44/turn               w - +4 ring of protection
MPRegen 0.59/turn               (no ring)

@: slimy, inhibited regen
A: claws 1, cold resistance 1, negative energy resistance 3, inhibited
regeneration, torment resistance 2
a: Renounce Religion, Oozemancy, Slimify


You were in an ice cave.
You worshipped Jiyva.
Jiyva was extremely pleased with you.
You visited 1 branch of the dungeon, and saw 11 of its levels.
You also visited: Ice Cave.

You collected 340 gold pieces.

Inventory:

Hand Weapons
 b - a +6 spear of freezing
 l - a +2 whip of venom
 m - a +0 vampiric spear
Armour
 g - a +0 helmet
 h - a +1 chain mail (worn)
 o - a scarf of shadows (worn)
 x - a +2 hat (worn)
Jewellery
 w - a +4 ring of protection (left claw)
Wands
 e - a wand of iceblast (14)
 v - a wand of mindburst (13)
Scrolls
 c - 3 scrolls of teleportation
 i - 2 scrolls of blinking
 j - a scroll of vulnerability
 r - a scroll of magic mapping
Potions
 a - 2 potions of lignification
 d - a potion of heal wounds
 f - 2 potions of haste
 k - a potion of might
 n - 6 potions of curing
 q - a potion of brilliance {unknown}
 t - a potion of resistance {unknown}
 z - a potion of flight {unknown}
Miscellaneous
 y - a condenser vane


   Skills:
 * Level 11.4 Fighting
 + Level 6.2 Armour
 + Level 7.0 Dodging
 - Level 2.1 Stealth
 * Level 11.4 Unarmed Combat
 + Level 7.5 Invocations


You had 10 spell levels left.
You didn't know any spells.
Your spell library contained the following spells:

 Spells                   Type           Power      Damage    Failure   Level
 Summon Small Mammal      Summ           0%         N/A       100%        1
 Corpse Rot               Necr/Air       0%         N/A       100%        2
 Poisonous Vapours        Pois/Air       0%         N/A       100%        2
 Call Canine Familiar     Summ           0%         N/A       100%        3
 Summon Guardian Golem    Hex/Summ       0%         N/A       100%        3
 Tukima's Dance           Hex            0%         N/A       100%        3
 Anguish                  Hex/Necr       0%         N/A       100%        4
 Conjure Ball Lightning   Conj/Air       0%         3x3d6     100%        6
 Enfeeble                 Hex            0%         N/A       100%        7
 Summon Hydra             Summ           0%         N/A       100%        7
 Discord                  Hex            0%         N/A       100%        8
 Disjunction              Tloc           0%         N/A       100%        8
 Sublimation of Blood     Necr           Unusable   N/A       N/A         2
 Wereblood                Tmut           Unusable   N/A       N/A         2

Dungeon Overview and Level Annotations

Branches:
Dungeon (11/15)            Temple (0/1) D:5             Orc (0/2) D:10
  IceCv (1/1)
   Lair: D:8-11

Altars:
Cheibriados
Dithmenos
Hepliaklqana
The Shining One
Jiyva

Shops:
D:11 *

Annotations:
D:6 2 transporters, badtown22's ghost, novice TrIE
D:9 2 transporters, HallandMoats's ghost, novice OpMo


Innate Abilities, Weirdness & Mutations

You thrive by killing the living.
You are immune to poison.
You have sharp fingernails.
Your flesh is cold resistant. (rC+)
You are immune to negative energy. (rN+++)
You do not regenerate when monsters are visible.
You are immune to unholy pain and torment.


Message History

You scratch the ice devil.
You kill the ice devil!
Your Dodging skill increases to level 7!
You start resting.
You hear a distant slurping noise. x4
HP restored.
A reaper comes into view.
It is wielding a +1 scythe of freezing and wearing a +2 robe of cold resistance.
A thick mucus forms on your claws.
The reaper hits you with a +1 scythe of freezing!
The reaper freezes you.
You scratch the reaper but do no damage.
The reaper shouts, "Death awaits you!" The reaper barely misses you.
You claw the reaper! You claw the reaper, but do no damage.
The reaper is lightly wounded.
The reaper hits you with a +1 scythe of freezing!
The reaper freezes you.
You claw the reaper!
The reaper is moderately wounded.
The reaper shouts, "Die, HallandMoats!"
The reaper hits you with a +1 scythe of freezing!
The reaper freezes you.
You claw the reaper!
The reaper is moderately wounded.
You claw the reaper! You claw the reaper, but do no damage.
The reaper is heavily wounded.
The reaper hits you with a +1 scythe of freezing!!
The reaper freezes you.
You scratch the reaper but do no damage.
The reaper is heavily wounded.
You are engulfed in freezing vapours.
You resist.
The reaper hits you with a +1 scythe of freezing!!
* * * LOW HITPOINT WARNING * * *
You shudder from the blow and a jelly pops out!
The reaper freezes you.
* * * LOW HITPOINT WARNING * * *
You feel much better.
You are engulfed in freezing vapours.
You resist.
* * * LOW HITPOINT WARNING * * *
The reaper hits you with a +1 scythe of freezing!!!
You die...

##..## ##.
##...# #...
#...## ##. .#§§#
##..# #.. 4.§§
####..##
##..##.§§ #
##..#..#
#....#.°# .#
#...#..#
#..#.##§# .#
.......#
##.##..#☼#°##.#
..##...#
#..#.J.@2§○○§§#
..###..#
#........○○§§☼.
.## #.##
#...#...####..#
.# ..#
#...#...... .#
.## ...
##...#......§
..# ...
#....###..#..
..##
##......##.#..
#..#
##..#.....#.#§.
#..#
##..###.....☼§##


You could see a reaper (ally target) and a friendly acid blob (summoned).

Vanquished Creatures
  A two-headed ogre (D:10)
  2 ice statues (IceCv)
  Psyche (D:9)
  5 ice devils (IceCv)
  A troll (D:11)
  Grinder (D:4)
  Sigmund (D:6)
  3 shadows
  A wraith (D:10)
  A spriggan (D:7)
  10 yaks (D:11)
  2 wyverns
  2 basilisks
  A death yak simulacrum (IceCv)
  A harpy simulacrum (IceCv)
  2 water moccasins
  An orc warrior (D:11)
  A sky beast (D:8)
  3 ice beasts
  3 black bears
  A necrophage (D:6)
  4 ogres
  A centaur (D:10)
  A phantom (D:7)
  3 kobold brigands
  Blork the orc (D:5)
  3 bullfrogs
  A cane toad simulacrum (IceCv)
  4 scorpions
  A two-headed ogre simulacrum (IceCv)
  A wyvern zombie (D:5)
  A water moccasin skeleton (D:5)
  A troll zombie (D:10)
  An elephant simulacrum (IceCv)
  5 killer bees (D:9)
  8 wights
  A crimson imp (D:6)
  2 howler monkeys (D:11)
  A centaur zombie (D:8)
  A centaur skeleton (D:7)
  5 orc priests
  A bullfrog skeleton (D:6)
  2 hounds (D:6)
  3 iguanas
  A polar bear simulacrum (IceCv)
  A spriggan simulacrum (IceCv)
  8 orc wizards
  A killer bee zombie (D:6)
  3 troll simulacra (IceCv)
  A wolf simulacrum (IceCv)
  3 ogre zombies (D:10)
  A howler monkey zombie (D:9)
  9 gnolls
  3 adders
  A naga simulacrum (IceCv)
  3 white imps
  3 ufetubi
  An adder skeleton (D:3)
  A worm (D:2)
  A dart slug (D:1)
  21 orcs
  9 ball pythons
  4 bats (D:1)
  4 giant cockroaches
  5 hobgoblins
  19 kobolds
  3 quokkas
  2 frilled lizards (D:1)
  8 goblins
  2 goblin skeletons (D:6)
  3 hobgoblin zombies
  2 kobold skeletons (D:6)
  2 kobold zombies (D:6)
  3 orc skeletons
  9 orc zombies
  4 rats (D:1)
237 creatures vanquished.

Vanquished Creatures (collateral kills)
  A two-headed ogre (D:8)
  Urug (D:10)
  A wyvern (D:5)
  An iguana (D:6)
  An ogre zombie (D:10)
  A white imp (D:6)
6 creatures vanquished.

Vanquished Creatures (others)
  A shadow (D:10)
  A wyvern (D:11)
  A steam dragon (D:6)
  An acid dragon (D:10)
  A centaur (D:10)
  A scorpion (D:7)
  A troll zombie (D:10)
  4 killer bees (D:9)
  21 jellies
  A quasit (D:9)
  An orc wizard (D:11)
  An adder (D:4)
  2 ufetubi
  5 orcs (D:4)
  2 endoplasms
  3 giant cockroaches
  2 goblins
  3 hobgoblins
  3 jackals (D:2)
  2 ball pythons (D:4)
  2 hobgoblin skeletons (D:10)
  An orc skeleton (D:10)
  6 orc zombies (D:10)
  3 bushes (D:11)
  5 fungi (D:11)
  28 plants (D:11)
102 creatures vanquished.

Grand Total: 345 creatures vanquished

Notes
Turn   | Place    | Note
-------+----------+-------------------------------------------
     0 | D:1      | HallandMoats the Ghoul Monk began the quest for the Orb.
     0 | D:1      | Reached XP level 1. HP: 19/19 MP: 0/0
   176 | D:1      | Reached XP level 2. HP: 15/26 MP: 1/1
   501 | D:1      | Found a faded altar of an unknown god.
   521 | D:1      | Prayed at the altar of an unknown god.
   521 | D:1      | Became a worshipper of Jiyva Joschys the Shapeless
   521 | D:1      | Reached * piety under Jiyva
   521 | D:1      | Reached ** piety under Jiyva
   548 | D:1      | Reached XP level 3. HP: 33/33 MP: 2/2
   778 | D:1      | Reached *** piety under Jiyva
  1285 | D:2      | You fall into a shaft and drop 1 floor!
  1590 | D:2      | Reached skill level 1 in Invocations
  1832 | D:3      | Reached **** piety under Jiyva
  1840 | D:3      | Reached XP level 4. HP: 40/40 MP: 3/3
  1889 | D:3      | Reached skill level 1 in Armour
  1955 | D:3      | Reached XP level 5. HP: 46/46 MP: 3/5
  2620 | D:4      | Reached XP level 6. HP: 53/53 MP: 6/6
  2664 | D:4      | Reached ***** piety under Jiyva
  2981 | D:4      | Reached skill level 5 in Unarmed Combat
  2991 | D:4      | Noticed Grinder
  3007 | D:4      | Paralysed by Grinder for 2 turns
  3010 | D:4      | Killed Grinder
  3011 | D:4      | Reached skill level 5 in Fighting
  3011 | D:4      | Reached XP level 7. HP: 58/61 MP: 7/7
  3037 | D:4      | Found a hazy altar of Hepliaklqana.
  3318 | D:5      | Entered Level 5 of the Dungeon
  3547 | D:5      | Noticed a wyvern
  3551 | D:5      | Killed a wyvern
  3552 | D:5      | Reached XP level 8. HP: 37/70 MP: 9/9
  3597 | D:5      | Found a staircase to the Ecumenical Temple.
  3673 | D:5      | Noticed Blork the orc
  3681 | D:5      | Killed Blork the orc
  4271 | D:6      | Noticed Sigmund
  4300 | D:6      | Killed Sigmund
  4372 | D:6      | Reached XP level 9. HP: 79/79 MP: 11/11
  4521 | D:6      | Found a transporter.
  4631 | D:6      | Found a shadowy altar of Dithmenos.
  4769 | D:6      | Noticed a cyan ugly thing
  4823 | D:6      | Found a transporter.
  4840 | D:6      | Noticed an ancient zyme
  4855 | D:6      | Noticed badtown22's ghost (novice TrIE)
  4870 | D:6      | Reached skill level 5 in Dodging
  6507 | D:7      | Reached ****** piety under Jiyva
  6589 | D:7      | Reached skill level 5 in Invocations
  7047 | D:8      | Reached XP level 10. HP: 90/90 MP: 9/13
  7217 | D:8      | Noticed a two-headed ogre
  7224 | D:8      | Killed a two-headed ogre
  7631 | D:9      | Found a transporter.
  7636 | D:9      | Noticed HallandMoats's ghost (novice OpMo)
  7788 | D:9      | Found a snail-covered altar of Cheibriados.
  8021 | D:9      | Noticed Psyche
  8037 | D:9      | Reached skill level 5 in Armour
  8075 | D:9      | Killed Psyche
  8222 | D:9      | Identified the +0 robe of Masochism {Harm rPois rCorr
                  | Stlth-}
  8461 | D:9      | Found a transporter.
  8653 | D:10     | Entered Level 10 of the Dungeon
  8690 | D:10     | Noticed Urug
  8694 | D:10     | Killed Urug
  8695 | D:10     | Reached skill level 10 in Fighting
  8695 | D:10     | Reached skill level 10 in Unarmed Combat
  8726 | D:10     | Noticed a two-headed ogre
  8735 | D:10     | Killed a two-headed ogre
  8736 | D:10     | Reached XP level 11. HP: 41/100 MP: 14/14
  9041 | D:10     | Found a staircase to the Orcish Mines.
  9746 | D:11     | Found Qumaasoc's Assorted Antiques.
  9873 | D:11     | Identified the +5 hand crossbow of Risk Management {penet,
                  | *Slow rN+ Will+ Int+6}
  9888 | D:11     | Noticed a six-headed hydra
  9892 | D:11     | Slimified a six-headed hydra
  9892 | D:11     | Noticed an acid blob
  9892 | D:11     | a six-headed hydra changed into an acid blob
  9954 | D:11     | Found a frozen archway.
 10001 | IceCv    | Entered an ice cave
 10055 | IceCv    | HP: 2/101 [harpy simulacrum (6)]
 10744 | IceCv    | Noticed a reaper
 10753 | IceCv    | HP: 5/102 [reaper (2)]
 10754 | IceCv    | Mangled by a reaper

Illustrated notes

Levels and vault maps discovered:
D:1:      evilmike_arrival_rings, layout_basic,
          hellmonk_ecumenical_altar_run_dry, minmay_tripent
D:2:      layout_basic
D:3:      layout_rooms, kennysheep_generic_room_16
D:4:      layout_layer_cave, lemuel_crystal_altar, minmay_checkerbox,
          uniq_grinder
D:5:      nicolae_BIG_FREAKIN_CUBE, layout_basic, temple_pool_b,
          uniq_blork_the_orc
D:6:      layout_basic, nicolae_dithmenos_the_darkroom,
          nicolae_tso_besieged_by_evil, gammafunk_ghost_abyssal_escape,
          uniq_sigmund
D:7:      layout_basic, the_hattery
D:8:      layout_rooms
D:9:      layout_cave_pods, lemuel_crystal_altar, gammafunk_ghost_stat_death,
          uniq_psyche
D:10:     layout_roguey, zombieorc1_lemuel, uniq_urug
D:11:     layout_basic, minmay_lair_entry_grove,
          portal_ice_cave_entry_pillars_1, serial_shops, shop,
          kennysheep_nondescript, wad_floor_pattern_untrapped,
          minmay_fountain_box, kennysheep_generic_room_13
IceCv:    ice_cave_small_demon

Skill      XL: |  1  2  3  4  5  6  7  8  9 10 11 |
---------------+----------------------------------+-----
Unarmed Combat | 4 5 6 7 8 10 11 | 11.4
Dodging        | 3 4 5 6 7 |  7.0
Invocations    | 1 2 3 4 5 6 7 |  7.5
Fighting       | 4 5 6 7 8 10 11 | 11.4
Armour         | 1 2 3 4 5 6 |  6.2
Stealth        | |  2.1

Action                   |  1- 3 |  4- 6 |  7- 9 | 10-12 || total
-------------------------+-------+-------+-------+-------++-------
Melee: Unarmed           |   138 |   137 |   294 |   425 ||   994
       Punch             |     3 |     5 |    18 |    35 ||    61
       Spear             |       |       |       |     5 ||     5
Invok: Oozemancy         |       |       |     1 |     3 ||     4
       Slimify           |       |       |       |     2 ||     2
Evoke: Wand              |       |       |       |     2 ||     2
  Use: Scroll            |     2 |       |     9 |     8 ||    19
       Potion            |       |       |       |     4 ||     4
 Stab: Sleeping          |     4 |       |       |       ||     4
       Invisible         |       |       |       |     1 ||     1
       Distracted        |       |       |       |     1 ||     1
Armor: Robe              |    19 |       |       |       ||    19
       Chain mail        |    11 |    88 |   182 |   269 ||   550
Dodge: Dodged            |    82 |    64 |    94 |   168 ||   408

Table legend: (Time is in decaauts)
 A = Elapsed time spent in this place.
 B = Non-inter-level travel time spent in this place.
 C = Inter-level travel time spent in this place.
 D = Time resting spent in this place.
 E = Time spent auto-exploring this place.
 F = Levels seen in this place.
 G = Mean time per level.
                   A        B        C        D        E       F      G
               +--------+--------+--------+--------+--------+-----+--------+
         Total |  10618 |  10322 |    296 |   1895 |   6244 |  12 |  884.8 |
       Dungeon |   9896 |   9600 |    296 |   1561 |   6122 |  11 |  899.6 |
      Ice Cave |    722 |    722 |      0 |    334 |    122 |   1 |  722.0 |
               +--------+--------+--------+--------+--------+-----+--------+

Top non-repeatable levels by time:
     D:6: 1983 daAuts
     D:1: 1015 daAuts
     D:9: 1000 daAuts
    D:10: 967 daAuts
     D:5: 928 daAuts
     D:4: 876 daAuts
     D:2: 734 daAuts
     D:7: 729 daAuts
   IceCv: 722 daAuts
     D:3: 672 daAuts
     D:8: 615 daAuts
    D:11: 372 daAuts
